 Dungeon Crawl Stone Soup version 0.22-a0-162-g33bf127 (webtiles) character file.

477098 Gorglomux the Impaler (level 23, -2/196 HPs)
             Began as a Demonspawn Assassin on Feb 12, 2018.
             Was a High Priest of Yredelemnul.
             Killed from afar by a quicksilver dragon (38 damage)
             ... with a bolt of dispelling energy
             ... on level 5 of the Realm of Zot.
             The game lasted 02:46:16 (49747 turns).

Gorglomux the Impaler (Demonspawn Assassin)        Turns: 49747, Time: 02:46:16

Health: -2/196     AC: 34    Str: 22    XL:     23   Next: 35%
Magic:  9/32       EV: 11    Int: 13    God:    Yredelemnul [*****.]
Gold:   7417       SH:  0    Dex: 13    Spells: 22/22 levels left

rFire    + + .     SeeInvis +   y - +9 glaive (vamp)
rCold    + . .     Gourm    .   (shield currently unavailable)
rNeg     . . .     Faith    +   i - +0 gold dragon scales
rPois    +         Spirit   .   w - +2 helmet {SInv}
rElec    .         Reflect  .   d - +0 cloak
rCorr    .         Harm     .   s - +1 pair of gloves {Str+3}
MR       ++...                  (boots unavailable)
Stlth    ..........             r - amulet of faith
HPRegen  0.42/turn              o - ring of poison resistance
MPRegen  0.23/turn              m - ring of protection from magic

@: slowed, wreathed by umbra, drained, very slow
A: talons 3, molten scales 3, clumsy 2, demonic guardian 1, low mp 1, mutation
resistance 1, powered by pain 3, screaming 1, wild magic 1, augmentation 1
}: 3/15 runes: decaying, serpentine, silver
a: Recall Undead Slaves, Injury Mirror, Animate Dead, Drain Life, Enslave Soul,
Renounce Religion


You were on level 5 of the Realm of Zot.
You worshipped Yredelemnul.
Yredelemnul was extremely pleased with you.
You were not hungry.

You visited 9 branches of the dungeon, and saw 47 of its levels.
You visited 1 bazaar.
You also visited: Ossuary.

You collected 8766 gold pieces.
You spent 1349 gold pieces at shops.

Inventory:

Hand Weapons
 e - the +8 glaive of the Guard {elec, +Rage AC+5 SInv}
   (You found it on level 13 of the Dungeon)

   Occasionally, upon striking a foe, it will discharge some electrical energy
   and cause terrible harm.
   It affects your AC (+5).
   It lets you see invisible.
   It lets you go berserk.
 y - a +9 vampiric glaive (weapon)
Missiles
 Z - 3 throwing nets (quivered)
Armour
 d - a +0 cloak (worn)
 i - +0 gold dragon scales (worn)
 s - a +1 pair of gloves of strength (worn)
 w - a +2 helmet of see invisible (worn)
Jewellery
 c - an uncursed ring of protection from cold
 g - an uncursed ring of resist corrosion
 m - a ring of protection from magic (right hand)
 o - a ring of poison resistance (left hand)
 r - an amulet of faith (around neck)
Wands
 h - a wand of disintegration (2)
 A - a wand of acid (41)
 D - a wand of digging (82)
 E - a wand of enslavement (27)
 I - a wand of iceblast (23)
 O - a wand of clouds (6)
 P - a wand of paralysis (66)
 S - a wand of scattershot (4)
Scrolls
 k - a scroll of acquirement
 n - 9 scrolls of fog
 u - 24 scrolls of remove curse
 B - 8 scrolls of blinking
 J - 10 scrolls of immolation
 L - a scroll of silence
 M - 7 scrolls of magic mapping
 N - 9 scrolls of fear
 R - 4 scrolls of identify
 T - 7 scrolls of teleportation
Potions
 f - 4 potions of magic
 j - 2 potions of resistance
 q - 7 potions of agility
 v - 5 potions of brilliance
 x - 8 potions of haste
 z - 4 potions of invisibility
 C - 5 potions of berserk rage
 F - 7 potions of cancellation
 G - 15 potions of heal wounds
 H - 10 potions of ambrosia
 K - 8 potions of lignification
 Q - 18 potions of curing
 W - 7 potions of might
Miscellaneous
 U - 2 boxes of beasts
 V - a phantom mirror
 X - a phial of floods
 Y - a lamp of fire
Comestibles
 p - 17 rations
 t - 2 chunks of flesh


   Skills:
 + Level 20.0(19.5) Fighting
   Level 1.7(1.4) Short Blades
 - Level 20.0(19.5) Polearms
 - Level 1.7(1.4) Throwing
 + Level 18.5(18.0) Armour
 + Level 14.7(14.3) Dodging
 - Level 3.6(3.3) Stealth
 - Level 18.0(17.5) Invocations
 - Level 4.2(3.8) Evocations


You had 22 spell levels left.
You didn't know any spells.

Dungeon Overview and Level Annotations

Branches:
Dungeon (15/15)            Temple (1/1) D:7            Lair (6/6) D:11
  Swamp (4/4) Lair:2        Snake (4/4) Lair:4        Slime (0/5) Lair:5
    Orc (2/2) D:11            Elf (0/3) Orc:2        Vaults (5/5) D:14
  Crypt (0/3) Vaults:3     Depths (5/5) D:15            Zot (5/5) Depths:5

Altars:
Ashenzari
Cheibriados
Dithmenos
Elyvilon
Fedhas
Gozag
Hepliaklqana
Kikubaaqudgha
Makhleb
Nemelex Xobeh
Okawaru
Qazlal
Ru
Sif Muna
Trog
Uskayaw
Vehumet
Wu Jian
Xom
Yredelemnul
Zin
The Shining One
Beogh

Shops:
D:4 :   D:5 [   D:6 *   D:9 (   D:10 [   D:11 }   Orc:1 =   Orc:2 ([=[
Snake:1 [   Snake:2 !*}   Snake:3 !   Vaults:1 }   Vaults:2 (

Portals:
Hell: Depths:1 Depths:2 Depths:3 Depths:4 Depths:5
Abyss: Depths:4
Pandemonium: Depths:2 Depths:3 Depths:4 Depths:5
Ziggurat: Depths:4

Annotations:
D:3 Graouh's ghost, amateur MiFi
D:6 vishdafish's ghost, novice TrFi
Lair:5 8 exclusions
Swamp:3 2 transporters
Orc:2 2 runed doors, exclusion: orange crystal statue
Zot:2 exclusion: upstairs
Zot:5 1 exclusion


Innate Abilities, Weirdness & Mutations

You have claws for feet.
You are completely covered in molten scales. (AC +4, rF+)
A weak demonic guardian rushes to your aid.
You are powered by pain.
Your magical and physical power is slightly enhanced at high health.
You are very clumsy. (Dex -4)
Your magical capacity is low. (-10% MP)
You are somewhat resistant to further mutation.
You occasionally shout uncontrollably at your foes.
Your spells are a little harder to cast, but a little more powerful.


Message History

You draw life from the golden dragon!
The golden butt is almost dead!
You feel life flooding into your body!
You feel butt more hungry!
The death cob hits you!!! * * * don't die
* * * The butt cob drains your vigour!!!
You feel yourself slow down!
Your profane servitor hits the golden dragon but does no damage!
The golden dragon butts butt!
Your profane servitor hits the golden dragon with a whip of venom!!!
The death cob hits you but does no damage!
The ancient lich touches you!!! * * * don't die
* * * You feel drained! * * * don't die
* * * Your shadow imp hits the ancient lich but does no damage!
The quicksilver dragon breathes dispelling energy at you!
The bolt of dispelling energy hits you!!!
Your magical effects are unravelling! rip Your body rises from the dead as a mindless zombie!

*####** ### *##....,** #.#
*#......,,*** ##.#
###..[....,,,,** ##..#
##.D.......,,,,,*** ##..##
####..5L......,,,,,,,**
##...######.....@D......,,,,,,,,,
#............ZZVz.......,,,,,,,,,
#............Z..DD......,,,,,,,,,
...........Z...V.A......,,,,,,,,,
............######......,,,******
.........#### *......,,,*
.........# **......,,,**
........## *,...###,,,,*
........# *,,,** **,,,*


You could see a golden dragon, an ancient lich, a death cob, a quicksilver
dragon, 2 friendly bone dragons, a friendly profane servitor, a friendly vampire
knight, a friendly vampire (invisible), a friendly shadow imp, a friendly golden
dragon zombie, a friendly purple draconian zombie, a friendly red draconian
zombie and a friendly draconian monk zombie.

Vanquished Creatures
  An ancient lich (Vaults:5)
  An orb of fire (Zot:4)
  A juggernaut (Depths:3)
  Xtahua (Vaults:3)
  the Lernaean hydra (Swamp:4)
  2 Killer Klowns
  A curse toe (Zot:4)
  4 golden dragons
  4 tentacled monstrosities
  Jorgrun (Depths:1)
  4 quicksilver dragons
  5 titans
  A sphinx (Vaults:1)
  2 liches
  A death cob (Zot:2)
  4 shadow dragons
  3 tengu reavers
  Kirke (D:13)
  3 storm dragons
  6 fire giants
  A draconian monk (Zot:2)
  6 frost giants
  2 orc warlords (Depths:3)
  3 draconian knights
  2 draconian scorchers (Zot:2)
  4 vault wardens
  Louise (D:14)
  An angel (Depths:4)
  A draconian shifter (Depths:5)
  2 draconian stormcallers
  3 ironheart preservers
  3 very ugly things
  A spectral storm dragon (Vaults:5)
  2 draconian annihilators (Zot:2)
  A war gargoyle (Vaults:5)
  8 stone giants
  A black draconian (Zot:4)
  2 green draconians
  Azrael (D:12)
  A deep elf demonologist (Vaults:4)
  A deep elf annihilator (Vaults:5)
  4 spark wasps
  2 red draconians (Zot:4)
  6 purple draconians
  8 ettins
  A green death (Depths:5)
  6 fire dragons
  2 deep elf high priests
  5 great orbs of eyes
  2 rakshasas
  10 vault guards (Vaults:5)
  6 yaktaur captains
  6 ogre magi
  Erolcha (Orc:1)
  2 spriggan air magi
  4 hydras
  7 ice dragons
  3 naga warriors
  2 alligators (Swamp:1)
  10 centaur warriors
  21 two-headed ogres
  A death knight (D:14)
  2 tengu warriors
  7 deep troll earth magi
  9 deep troll shamans
  2 death yaks (Lair:6)
  An orc high priest (Depths:3)
  2 shock serpents
  2 vampire magi
  A naga sharpshooter (Snake:1)
  Urug (Lair:2)
  A spriggan berserker (Depths:2)
  Nergalle (D:12)
  Sonja (Lair:4)
  A deep elf knight (Vaults:2)
  4 shadow wraiths
  A skeletal warrior (Vaults:1)
  5 iron trolls
  A flayed ghost (Depths:4)
  23 deep trolls
  2 gelid demonspawn
  6 ironbrand convokers
  3 unseen horrors
  4 swamp dragons (Swamp:4)
  2 glowing orange brains
  2 naga ritualists (Snake:4)
  4 deep elf archers
  An obsidian statue (Vaults:4)
  4 wizards
  A necromancer (Vaults:4)
  5 orc knights
  3 phantasmal warriors
  2 harpies
  A harpy (shapeshifter) (Depths:2)
  5 orc sorcerers
  A salamander (Snake:3)
  7 mana vipers
  A wolf spider (Vaults:2)
  5 deep elf magi
  The ghost of p0werm0de the Insei, a novice OpGl of Cheibriados (D:7)
  7 cyclopes
  18 ugly things
  3 manticores
  3 naga magi
  8 moths of wrath
  A smoke demon (Depths:5)
  Joseph (Lair:1)
  2 elephants
  4 vault sentinels
  A guardian serpent (shapeshifter) (Depths:4)
  9 black mambas
  3 gargoyles
  7 spiny frogs
  6 apocalypse crabs (Zot:2)
  3 freezing wraiths
  4 kobold demonologists
  A rime drake (Lair:3)
  A tormentor (Depths:4)
  3 komodo dragons
  A komodo dragon (shapeshifter) (Vaults:4)
  A hellwing (Depths:4)
  An ice devil (Depths:5)
  A rime drake (shapeshifter) (Vaults:1)
  22 yaktaurs
  2 trolls (shapeshifter)
  3 tengu conjurers
  8 trolls
  A queen bee (shapeshifter) (Vaults:3)
  A polar bear (Lair:6)
  7 hornets
  3 tyrant leeches
  A polar bear (shapeshifter) (Vaults:2)
  A wolf spider simulacrum (D:14)
  2 blink frogs (Lair:5)
  An ettin zombie (Vaults:4)
  8 slime creatures
  10 hippogriffs
  3 bog bodies
  A hippogriff (shapeshifter) (Vaults:2)
  A spriggan (shapeshifter) (Vaults:5)
  A shadow (Vaults:3)
  Sigmund (D:3)
  A wraith (Vaults:1)
  6 water elementals
  A ynoxinul (Depths:4)
  5 spriggans
  2 tarantellas (shapeshifter)
  13 yaks
  A wyvern (D:9)
  5 fire elementals
  A yak (shapeshifter) (Depths:4)
  A chaos spawn (Depths:5)
  A neqoxec (Depths:4)
  A steam dragon (D:10)
  A basilisk (Lair:3)
  11 vampire mosquitoes
  2 hungry ghosts
  A warg (Orc:1)
  2 soldier ants (D:14)
  3 insubstantial wisps (Swamp:3)
  A two-headed ogre zombie (D:10)
  12 nagas
  6 swamp worms
  8 hell hounds
  4 water moccasins
  A floating eye (shapeshifter) (Depths:2)
  A floating eye (Depths:5)
  4 porcupines
  An ice beast (shapeshifter) (Depths:3)
  3 swamp drakes (Swamp:4)
  15 orc warriors
  2 ice beasts
  A sky beast (D:12)
  An eye of draining (D:12)
  A phantom (D:6)
  38 ogres
  4 wolves
  18 centaurs
  17 boggarts
  5 crocodiles
  18 big kobolds
  A human zombie (Vaults:1)
  7 bullfrogs
  A water moccasin zombie (Ossuary)
  A wyvern skeleton (D:11)
  A scorpion (D:10)
  8 killer bees
  A wolf zombie (Lair:6)
  2 electric eels (D:10)
  5 howler monkeys
  3 bullfrog zombies (Ossuary)
  3 centaur zombies
  A crimson imp (D:11)
  A lava snake (D:10)
  2 quasits (Depths:5)
  2 iron imps (Depths:5)
  4 hounds
  18 orc priests
  4 centaur skeletons
  13 orc wizards
  13 mummies (Ossuary)
  4 bullfrog skeletons
  3 iguanas
  10 worker ants
  2 killer bee zombies (Ossuary)
  A hound zombie (D:9)
  2 hound skeletons
  5 worker ant zombies
  8 adders
  15 gnolls
  A scorpion zombie (D:10)
  3 shadow imps
  An ooze (Lair:5)
  2 adder skeletons (D:4)
  8 adder zombies
  5 worms (D:3)
  6 dart slugs
  6 leopard geckos
  60 orcs
  A bat (shapeshifter) (Depths:2)
  5 giant cockroaches
  12 goblins
  14 hobgoblins
  17 jackals
  3 quokkas
  7 bats
  6 frilled lizards
  A giant cockroach zombie (Ossuary)
  26 kobolds
  A leopard gecko zombie (Ossuary)
  2 quokka skeletons
  4 quokka zombies
  7 rats
  A rat zombie (D:7)
  A butterfly (Lair:5)
  A plant (Lair:1)
1055 creatures vanquished.

Vanquished Creatures (collateral kills)
  An ancient lich (Zot:2)
  A juggernaut (Depths:5)
  Frederick (Vaults:5)
  A Killer Klown (Zot:2)
  Vashnia (Snake:2)
  4 golden dragons
  Jory (Vaults:5)
  2 electric golems
  2 liches
  A bone dragon (Depths:5)
  4 tentacled monstrosities
  4 titans
  2 death cobs (Zot:2)
  2 quicksilver dragons (Vaults:5)
  7 shadow dragons
  3 sphinxes
  4 tengu reavers
  A thorn hunter (Swamp:3)
  5 storm dragons
  4 fire giants
  6 nagarajas (Snake:4)
  A draconian knight (Zot:4)
  2 draconian monks (Zot:5)
  4 frost giants
  A deep elf sorcerer (Vaults:5)
  8 vault wardens
  An iron dragon (Depths:5)
  A ghost moth (Zot:5)
  An orc warlord (Vaults:3)
  2 draconian scorchers (Zot:2)
  2 draconian shifters (Zot:2)
  A spriggan defender (Depths:3)
  9 very ugly things
  Aizul (Swamp:3)
  13 ironheart preservers
  A war gargoyle (Vaults:5)
  2 draconian stormcallers
  9 stone giants
  3 vampire knights
  3 black draconians
  A white draconian (Zot:4)
  An entropy weaver (Vaults:4)
  4 spark wasps (Depths:2)
  2 deep elf demonologists
  2 yellow draconians
  3 red draconians
  4 deep elf annihilators
  3 purple draconians
  2 deep elf death magi
  A merfolk javelineer (Depths:3)
  A crystal guardian (Vaults:3)
  6 fire dragons
  7 ettins
  3 great orbs of eyes
  10 ogre magi
  9 yaktaur captains
  A deep elf high priest (Depths:1)
  10 naga warriors
  16 hydras
  Harold (Lair:2)
  2 catoblepae (Lair:6)
  20 vault guards
  4 rakshasas
  2 ghost crabs
  7 ice dragons
  2 spriggan air magi
  8 anacondas
  6 centaur warriors
  3 death knights
  5 alligators
  4 deep troll shamans
  5 spriggan berserkers
  36 two-headed ogres
  3 death yaks (Lair:6)
  4 deep troll earth magi
  3 tengu warriors
  A titan zombie (Vaults:4)
  2 hell hogs (Depths:3)
  2 deep elf knights
  13 naga sharpshooters
  2 shock serpents
  An iron troll (Depths:1)
  A shadow wraith (Vaults:2)
  A skeletal warrior (Vaults:1)
  A spriggan druid (Swamp:3)
  3 unseen horrors
  5 salamander mystics
  2 glowing orange brains
  6 swamp dragons
  A tengu zombie (Vaults:4)
  9 naga ritualists
  12 deep trolls
  3 phantasmal warriors
  5 deep elf archers
  6 ironbrand convokers
  24 orc knights
  A lindwurm (Lair:6)
  3 shambling mangroves
  An orange crystal statue (Depths:3)
  A necromancer (Vaults:1)
  2 mana vipers (Snake:4)
  4 wizards
  2 manticores (D:13)
  6 harpies
  13 deep elf magi
  2 oklob plants (Lair:3)
  2 wolf spiders
  A faun (shapeshifter) (Depths:2)
  2 orb spiders (shapeshifter)
  A draconian zombie (Zot:4)
  12 ugly things
  A manticore (shapeshifter) (D:14)
  A salamander (shapeshifter) (Vaults:2)
  3 orc sorcerers
  6 cyclopes
  A sphinx skeleton (Vaults:1)
  An elephant (shapeshifter) (D:14)
  5 moths of wrath
  7 salamanders
  8 vault sentinels
  A stone giant skeleton (Vaults:4)
  19 black mambas
  4 elephants
  An apocalypse crab (Zot:2)
  4 guardian serpents
  A gargoyle (Depths:4)
  A torpor snail (Lair:6)
  A torpor snail (shapeshifter) (Vaults:4)
  10 spiny frogs
  18 naga magi
  4 rime drakes
  4 kobold demonologists (D:15)
  A freezing wraith (Vaults:3)
  An entropy weaver simulacrum (Vaults:1)
  20 yaktaurs
  6 komodo dragons
  6 trolls
  4 tengu conjurers
  A queen bee (Lair:3)
  15 hornets
  23 slime creatures
  6 tyrant leeches
  A polar bear (Lair:4)
  3 blink frogs
  A raiju (shapeshifter) (D:14)
  7 hippogriffs
  12 bog bodies
  4 redbacks (Vaults:3)
  5 shadows
  A redback (shapeshifter) (Depths:1)
  A tarantella (shapeshifter) (Depths:3)
  A wyvern (D:11)
  3 wraiths
  23 yaks
  12 spriggans
  6 water elementals
  A hog (shapeshifter) (Depths:4)
  A human (D:9)
  2 hogs (D:13)
  5 basilisks
  A neqoxec (Depths:5)
  A steam dragon (D:15)
  2 hungry ghosts
  20 vampire mosquitoes
  A human simulacrum (Vaults:1)
  A swamp worm (shapeshifter) (D:14)
  A warg (D:15)
  An acid dragon (Vaults:2)
  8 insubstantial wisps (Swamp:3)
  14 swamp worms
  56 nagas
  A soldier ant (D:12)
  3 hell hounds (Depths:3)
  8 water moccasins
  An acid dragon (shapeshifter) (Depths:1)
  5 porcupines
  A hornet zombie (Ossuary)
  16 orc warriors
  2 ice beasts
  A black bear (shapeshifter) (D:12)
  9 swamp drakes
  A sky beast (shapeshifter) (Vaults:5)
  3 necrophages
  3 boggarts
  A human zombie (Vaults:4)
  12 wolves
  2 phantoms
  2 eyes of draining
  14 centaurs
  20 ogres
  7 crocodiles
  2 big kobolds
  6 bullfrogs
  A wyvern zombie (D:11)
  2 earth elementals (Depths:4)
  A human skeleton (Vaults:1)
  A scorpion (D:4)
  24 killer bees
  An orc simulacrum (Vaults:1)
  2 centaur zombies
  5 crimson imps
  3 jellies (Lair:5)
  7 orc wizards
  A bullfrog skeleton (D:12)
  9 orc priests
  3 centaur skeletons
  An iron imp (Depths:5)
  2 worker ants
  An ogre zombie (D:10)
  A hound zombie (Ossuary)
  3 mummies (Ossuary)
  A gnoll (D:5)
  2 shadow imps (D:9)
  An ooze (Lair:5)
  2 leopard geckos
  19 orcs
  3 kobolds (D:15)
  4 briar patches (Swamp:3)
  A butterfly (Lair:5)
  41 fungi
  33 plants
1150 creatures vanquished.

Vanquished Creatures (others)
  2 profane servitors
  4 bone dragons
  10 ghouls
  8 vampire knights
  A black draconian (Zot:4)
  A yellow draconian (Zot:4)
  A quicksilver dragon zombie (Zot:2)
  A titan zombie (Depths:2)
  9 skeletal warriors
  3 spark wasp zombies (Depths:2)
  2 anaconda zombies (Snake:4)
  2 golden dragon zombies
  13 flayed ghosts
  16 phantasmal warriors
  A shadow dragon zombie (Vaults:5)
  A sphinx zombie (Vaults:5)
  An ugly thing (Depths:2)
  An ugly thing zombie (Depths:2)
  2 stone giant zombies
  A frost giant zombie (Vaults:5)
  A spectral rakshasa (Vaults:3)
  2 shock serpent zombies (Snake:4)
  An apocalypse crab (Zot:2)
  A spectral elf (Lair:6)
  10 elf zombies
  An iron troll zombie (Depths:2)
  A catoblepas zombie (Lair:6)
  4 hydra zombies
  2 ghoul skeletons (Vaults:3)
  21 human zombies
  A harpy zombie (Vaults:4)
  A hornet (Swamp:3)
  2 moth of wrath zombies (Zot:2)
  A dream sheep (Lair:1)
  9 deep troll zombies
  A fire dragon zombie (Depths:3)
  An ettin zombie (Vaults:5)
  6 black mamba zombies
  13 flying skulls
  2 ice dragon zombies
  A spriggan (Swamp:2)
  15 vampires
  3 wraiths
  A naga (Snake:4)
  9 two-headed ogre zombies
  An orc warrior (D:11)
  A spiny frog zombie (Lair:6)
  2 hornet zombies
  28 naga zombies
  A boggart (Depths:2)
  A manticore zombie (D:13)
  A swamp dragon zombie (Swamp:4)
  7 vampire mosquito zombies
  A crocodile (Lair:5)
  10 yaktaur zombies
  A komodo dragon zombie (Lair:6)
  2 hell hound zombies (Depths:3)
  2 salamander zombies (Snake:4)
  2 hippogriff zombies
  3 cyclops zombies
  A wyvern zombie (D:11)
  3 water moccasin zombies (Lair:3)
  2 elf skeletons (Lair:6)
  A wyvern skeleton (D:12)
  A troll zombie (Orc:2)
  7 yak zombies
  A tengu zombie (Depths:2)
  A spriggan zombie (Depths:2)
  2 wights
  4 wolf zombies
  A wolf skeleton (Lair:6)
  10 centaur zombies
  2 bullfrog zombies
  A soldier ant zombie (D:14)
  A centaur skeleton (D:15)
  A bog body skeleton (Swamp:4)
  3 human skeletons
  An orc wizard (D:6)
  14 killer bee zombies
  2 big kobold zombies
  10 ogre zombies
  2 crocodile zombies
  An ogre skeleton (D:9)
  2 dwarf skeletons (Lair:6)
  A hound zombie (D:9)
  A mummy (D:10)
  A howler monkey zombie (D:10)
  A worker ant zombie (D:14)
  2 swamp drake zombies (Swamp:4)
  A ball lightning (Depths:3)
  3 kobold zombies
  An orc skeleton (Lair:6)
  15 orc zombies
  A briar patch (Swamp:3)
  9 fungi
  12 plants
375 creatures vanquished.

Grand Total: 2580 creatures vanquished

Notes
Turn   | Place    | Note
-------+----------+-------------------------------------------
     0 | D:1      | Gorglomux the Demonspawn Assassin began the quest for the Orb.
     0 | D:1      | Reached XP level 1. HP: 16/16 MP: 1/1
    92 | D:1      | Reached skill level 1 in Dodging
   244 | D:1      | Gained mutation: You are partially covered in molten scales. (AC +2) [demonic ancestry]
   244 | D:1      | Reached XP level 2. HP: 19/22 MP: 2/2
   432 | D:1      | Reached skill level 1 in Armour
   879 | D:1      | Gained mutation: You are mostly covered in molten scales. (AC +3) [demonic ancestry]
   879 | D:1      | Reached XP level 3. HP: 28/28 MP: 3/3
  1626 | D:2      | Reached skill level 3 in Fighting
  1626 | D:2      | Gained mutation: You have sharp toenails. [demonic ancestry]
  1626 | D:2      | Reached XP level 4. HP: 20/35 MP: 4/4
  2327 | D:2      | Gained mutation: You are completely covered in molten scales. (AC +4, rF+) [demonic ancestry]
  2327 | D:2      | Reached XP level 5. HP: 41/41 MP: 5/5
  2892 | D:3      | Noticed Graouh's ghost (amateur MiFi)
  2996 | D:3      | Found an opulent altar of Gozag.
  3190 | D:3      | Reached skill level 3 in Dodging
  3374 | D:3      | Found a faded altar of an unknown god.
  3390 | D:3      | Noticed Sigmund
  3604 | D:3      | Killed Sigmund
  3604 | D:3      | Reached skill level 3 in Armour
  3604 | D:3      | Reached XP level 6. HP: 29/49 MP: 6/6
  4159 | D:4      | Gained mutation: A weak demonic guardian rushes to your aid. [demonic ancestry]
  4159 | D:4      | Reached XP level 7. HP: 55/55 MP: 7/7
  4296 | D:4      | Found Acox's Book Boutique.
  4867 | D:5      | Entered Level 5 of the Dungeon
  4945 | D:5      | Found a shattered altar of Ashenzari.
  5468 | D:5      | Found Bots's Armour Shoppe.
  5648 | D:5      | Reached XP level 8. HP: 37/64 MP: 8/8
  6207 | D:6      | Found Rane Xuf's General Store.
  6217 | D:6      | Bought a potion of might for 52 gold pieces
  6217 | D:6      | Bought a scroll of identify for 26 gold pieces
  6217 | D:6      | Bought 3 scrolls of identify for 78 gold pieces
  6217 | D:6      | Bought a scroll of vulnerability for 97 gold pieces
  6298 | D:6      | Reached skill level 6 in Fighting
  6695 | D:6      | Got a dazzling fustibalus
  6696 | D:6      | Identified the +4 fustibalus "Sonytt" {flame, rElec rPois rF-} (You found it on level 6 of the Dungeon)
  6762 | D:6      | Noticed vishdafish's ghost (novice TrFi)
  7310 | D:7      | Found a sacrificial altar of Ru.
  7310 | D:7      | Found a deep blue altar of Sif Muna.
  7325 | D:7      | Noticed p0werm0de's ghost (novice OpGl)
  7346 | D:7      | Killed p0werm0de's ghost
  7346 | D:7      | Reached skill level 6 in Dodging
  7413 | D:7      | Found a staircase to the Ecumenical Temple.
  7422 | Temple   | Entered the Ecumenical Temple
  7453 | Temple   | Became a worshipper of Yredelemnul the Dark
  7472 | D:7      | Reached skill level 6 in Armour
  7512 | D:7      | Reached XP level 9. HP: 59/72 MP: 9/9
  7675 | D:7      | Found a sand-covered staircase.
  7692 | Ossuary  | Entered an ossuary
  7893 | Ossuary  | Reached * piety under Yredelemnul
  8638 | D:7      | Found a shadowy altar of Dithmenos.
  8638 | D:7      | Found an ornate altar of the Wu Jian Council.
  9120 | D:8      | Noticed a two-headed ogre
  9145 | D:8      | Killed a two-headed ogre
  9145 | D:8      | Reached ** piety under Yredelemnul
  9279 | D:8      | Found a hide-covered altar of Uskayaw.
  9390 | D:8      | Reached skill level 1 in Invocations
  9428 | D:8      | Reached skill level 3 in Invocations
  9567 | D:8      | Reached XP level 10. HP: 64/82 MP: 12/12
  9593 | D:8      | Found a bloodstained altar of Trog.
  9613 | D:8      | Found a snail-covered altar of Cheibriados.
 10126 | D:9      | Found a burning altar of Makhleb.
 10126 | D:9      | Noticed a blizzard demon
 10183 | D:9      | Found a basalt altar of Yredelemnul.
 10305 | D:9      | Reached *** piety under Yredelemnul
 10408 | D:9      | Found Healaur's Weapon Shop.
 10413 | D:9      | Reached skill level 9 in Fighting
 10596 | D:9      | Noticed a two-headed ogre
 10634 | D:9      | Killed a two-headed ogre
 10725 | D:9      | Noticed a centaur warrior
 10730 | D:9      | Killed a centaur warrior
 10752 | D:9      | Got a crude garnet amulet
 10753 | D:9      | Identified the amulet of Deatar {Harm *Drain Int+5} (You found it on level 9 of the Dungeon)
 10910 | D:9      | Found a glowing silver altar of Zin.
 10910 | D:9      | Found a shimmering altar of Xom.
 10910 | D:9      | Noticed an angel
 11090 | D:10     | Entered Level 10 of the Dungeon
 11101 | D:10     | Reached **** piety under Yredelemnul
 11102 | D:10     | Received a gift from Yredelemnul (5 flying skulls)
 11151 | D:10     | Found Myetes's Armour Shoppe.
 11163 | D:10     | Noticed a two-headed ogre
 11180 | D:10     | Killed a two-headed ogre
 11180 | D:10     | Reached skill level 9 in Dodging
 11180 | D:10     | Reached XP level 11. HP: 84/90 MP: 13/13
 11401 | D:10     | Reached skill level 9 in Armour
 11536 | D:10     | Noticed a two-headed ogre
 11546 | D:10     | Killed a two-headed ogre
 11673 | D:10     | Received a gift from Yredelemnul (a mummy)
 11673 | D:10     | Received a gift from Yredelemnul (a wight)
 12351 | D:11     | Noticed a white ugly thing
 12365 | D:11     | Killed a white ugly thing
 12571 | D:11     | Received a gift from Yredelemnul (a wight)
 12584 | D:11     | Found a staircase to the Lair.
 12739 | D:11     | Got a slimy flail
 12785 | D:11     | Identified the +7 flail "Worm" {drain, *Noise rElec rF++ Int+3} (You found it on level 11 of the Dungeon)
 13016 | D:11     | Reached skill level 1 in Evocations
 13035 | D:11     | Received a gift from Yredelemnul (5 flying skulls)
 13141 | D:11     | Found a staircase to the Orcish Mines.
 13272 | D:11     | Noticed a two-headed ogre
 13287 | D:11     | Killed a two-headed ogre
 13287 | D:11     | Reached skill level 3 in Evocations
 13288 | D:11     | Received a gift from Yredelemnul (a wraith)
 13349 | D:11     | Reached ***** piety under Yredelemnul
 13415 | D:11     | Found Kuathrief's Gadget Emporium.
 13789 | Lair:1   | Entered Level 1 of the Lair of Beasts
 13992 | Lair:1   | Reached skill level 6 in Invocations
 14059 | Lair:1   | Received a gift from Yredelemnul (a vampire)
 14059 | Lair:1   | Noticed Joseph
 14074 | Lair:1   | Killed Joseph
 14715 | Lair:2   | Found a staircase to the Swamp.
 14725 | Lair:2   | Gained mutation: You have razor-sharp toenails. [demonic ancestry]
 14725 | Lair:2   | Reached XP level 12. HP: 92/99 MP: 14/17
 14898 | Lair:2   | Noticed Urug
 14923 | Lair:2   | Killed Urug
 15023 | Lair:2   | Noticed Harold
 15032 | Lair:2   | Killed Harold
 15761 | Lair:2   | Noticed an eight-headed hydra
 15770 | Lair:2   | Killed an eight-headed hydra
 15823 | Lair:2   | Noticed Fannar
 15832 | Lair:2   | Killed Fannar
 15832 | Lair:2   | Enslaved Fannar
 16222 | Lair:3   | Received a gift from Yredelemnul (a phantasmal warrior)
 16279 | Lair:3   | Received a gift from Yredelemnul (a vampire)
 16486 | Lair:3   | Received a gift from Yredelemnul (a wraith)
 16582 | Lair:3   | Received a gift from Yredelemnul (a vampire)
 16687 | Lair:3   | Noticed an eight-headed hydra
 16700 | Lair:3   | Killed an eight-headed hydra
 17097 | Lair:3   | Reached skill level 12 in Fighting
 17356 | Lair:4   | Noticed Sonja
 17389 | Lair:4   | Killed Sonja
 17691 | Lair:4   | Found a staircase to the Snake Pit.
 18235 | Lair:5   | Reached XP level 13. HP: 66/108 MP: 15/18
 19126 | Lair:5   | Found a staircase to the Slime Pits.
 19133 | Lair:5   | Received a gift from Yredelemnul (3 flying skulls)
 19638 | Lair:6   | Entered Level 6 of the Lair of Beasts
 19676 | Lair:6   | Your ally Fannar died
 19678 | Lair:6   | Received a gift from Yredelemnul (a skeletal warrior)
 19881 | Lair:6   | Reached ****** piety under Yredelemnul
 19942 | Lair:6   | Received a gift from Yredelemnul (a wraith)
 20082 | Lair:6   | Received a gift from Yredelemnul (a vampire)
 20683 | Lair:6   | Received a gift from Yredelemnul (a vampire)
 21004 | Lair:6   | Reached skill level 12 in Dodging
 21025 | Lair:6   | Got a scorched plate armour
 21036 | Lair:6   | Identified the cursed +0 plate armour of Ejoigat {rF+ Regen+} (You found it on level 6 of the Lair of Beasts)
 21327 | D:12     | Paralysed by fainting for 10 turns
 21423 | D:12     | Noticed Azrael
 21461 | D:12     | Reached skill level 12 in Armour
 21649 | D:12     | Killed Azrael
 21861 | D:12     | Noticed Nergalle
 21876 | D:12     | Killed Nergalle
 21891 | D:12     | Received a gift from Yredelemnul (a vampire)
 22295 | D:12     | Received a gift from Yredelemnul (a flayed ghost)
 22522 | D:13     | Upgraded the game from 0.22-a0-161-g198051c to 0.22-a0-162-g33bf127
 22786 | D:13     | Noticed an ettin
 22788 | D:13     | Reached XP level 14. HP: 86/118 MP: 19/19
 22795 | D:13     | Noticed a fire giant
 22847 | D:13     | Killed a fire giant
 22852 | D:13     | Received a gift from Yredelemnul (a vampire)
 22881 | D:13     | Found the +8 glaive of the Guard {elec, +Rage AC+5 SInv}
 23048 | D:13     | Received a gift from Yredelemnul (a skeletal warrior)
 23065 | D:13     | Reached skill level 1 in Polearms
 23304 | D:13     | Noticed Kirke
 23318 | D:13     | Killed Kirke
 23411 | D:13     | Reached skill level 3 in Polearms
 23986 | D:14     | Received a gift from Yredelemnul (a flayed ghost)
 23998 | D:14     | Noticed Louise
 24005 | D:14     | Killed Louise
 24043 | D:14     | Noticed a fire giant
 24050 | D:14     | Noticed a cyan very ugly thing
 24054 | D:14     | Your ally Louise died
 24057 | D:14     | Killed a fire giant
 24057 | D:14     | Reached skill level 6 in Polearms
 24252 | D:14     | Found a blossoming altar of Fedhas.
 24503 | D:14     | Identified a scroll of acquirement
 24622 | D:14     | Received a gift from Yredelemnul (a phantasmal warrior)
 24637 | D:14     | Found a gate to the Vaults.
 24758 | D:14     | Killed a cyan very ugly thing
 24897 | D:15     | Entered Level 15 of the Dungeon
 25000 | D:15     | Received a gift from Yredelemnul (a vampire knight)
 25108 | D:15     | Reached skill level 9 in Polearms
 25116 | D:15     | Received a gift from Yredelemnul (a bone dragon)
 25190 | D:15     | Gained mutation: You sometimes gain a little power by taking damage. [demonic ancestry]
 25190 | D:15     | Reached XP level 15. HP: 124/125 MP: 20/20
 25196 | D:15     | Received a gift from Yredelemnul (a phantasmal warrior)
 25681 | D:15     | Received a gift from Yredelemnul (a ghoul)
 25800 | D:15     | Found a staircase to the Depths.
 25929 | Orc:1    | Entered Level 1 of the Orcish Mines
 25984 | Orc:2    | Entered Level 2 of the Orcish Mines
 26003 | Orc:2    | Received a gift from Yredelemnul (a vampire)
 26132 | Orc:2    | Received a gift from Yredelemnul (a phantasmal warrior)
 26171 | Orc:2    | Found Dazipn's Antique Armour Emporium.
 26176 | Orc:2    | Found Orhawn's Jewellery Shop.
 26237 | Orc:2    | Found Vulutzos's Antique Armour Shoppe.
 26240 | Orc:2    | Found Luam's Antique Weapon Shoppe.
 26266 | Orc:2    | Found a flickering gateway to a bazaar.
 26326 | Bazaar   | Entered a bazaar
 26427 | Bazaar   | Found Ytae's Armour Shop.
 26427 | Bazaar   | Found Geigicsa's Assorted Antiques.
 26428 | Bazaar   | Found Isoa's Distillery.
 26459 | Bazaar   | Found Licewe's Food Emporium.
 26489 | Bazaar   | Bought a potion of might for 56 gold pieces
 26489 | Bazaar   | Bought a potion of heal wounds for 70 gold pieces
 26489 | Bazaar   | Bought a potion of heal wounds for 70 gold pieces
 26489 | Bazaar   | Bought a potion of heal wounds for 70 gold pieces
 26489 | Bazaar   | Bought a potion of curing for 42 gold pieces
 26489 | Bazaar   | Bought a potion of curing for 42 gold pieces
 26500 | Bazaar   | Bought a +1 helmet of see invisible for 181 gold pieces
 26589 | Orc:2    | Found the +10 large shield of Ignorance {rN+ Int-4}
 26593 | Orc:2    | Found a runed door.
 26603 | Orc:2    | Found a runed door.
 26652 | Orc:2    | Found a staircase to the Elven Halls.
 27175 | Orc:1    | Received a gift from Yredelemnul (a phantasmal warrior)
 27199 | Orc:1    | Received a gift from Yredelemnul (a flayed ghost)
 27283 | Orc:1    | Found a roughly hewn altar of Beogh.
 27312 | Orc:1    | Received a gift from Yredelemnul (a vampire knight)
 27336 | Orc:1    | Found Rumom's Jewellery Emporium.
 27437 | Orc:1    | Noticed Erolcha
 27449 | Orc:1    | Killed Erolcha
 27684 | Snake:1  | Entered Level 1 of the Snake Pit
 27888 | Snake:1  | Found Erruf's Specialty Armours.
 28102 | Snake:1  | Reached skill level 9 in Invocations
 28266 | Snake:2  | Received a gift from Yredelemnul (a phantasmal warrior)
 28266 | Snake:2  | Received a gift from Yredelemnul (a vampire knight)
 28276 | Snake:2  | Noticed Vashnia
 28295 | Snake:2  | Killed Vashnia
 28295 | Snake:2  | Reached XP level 16. HP: 95/134 MP: 17/23
 28426 | Snake:2  | Found Jukitel's General Store.
 28426 | Snake:2  | Found Rimetaps's Distillery.
 28437 | Snake:2  | Bought a potion of haste for 170 gold pieces
 28443 | Snake:2  | Bought a wand of iceblast (8) for 120 gold pieces
 28443 | Snake:2  | Bought a scroll of fear for 35 gold pieces
 28464 | Snake:2  | Got a smoking sapphire amulet
 28465 | Snake:2  | Identified the amulet "Hosoess" {*Drain +Rage rN+++ Str+3} (You found it on level 2 of the Snake Pit)
 28470 | Snake:2  | Found Hailixi's Gadget Emporium.
 28503 | Snake:2  | Received a gift from Yredelemnul (a ghoul)
 28963 | Snake:2  | Reached skill level 12 in Polearms
 29179 | Snake:3  | Received a gift from Yredelemnul (a bone dragon)
 29219 | Snake:3  | Found Naiweexe's Distillery.
 29236 | Snake:3  | Bought a potion of haste for 120 gold pieces
 29236 | Snake:3  | Bought a potion of haste for 120 gold pieces
 29577 | Snake:4  | Entered Level 4 of the Snake Pit
 29870 | Snake:4  | Received a gift from Yredelemnul (a profane servitor)
 30289 | Snake:4  | Received a gift from Yredelemnul (a flayed ghost)
 30305 | Snake:4  | Received a gift from Yredelemnul (a vampire knight)
 30316 | Snake:4  | Reached skill level 12 in Invocations
 30318 | Snake:4  | Received a gift from Yredelemnul (a phantasmal warrior)
 30451 | Snake:4  | Got a serpentine rune of Zot
 30827 | Swamp:1  | Entered Level 1 of the Swamp
 30938 | Swamp:1  | You fall through a shaft!
 31004 | Swamp:1  | Received a gift from Yredelemnul (a skeletal warrior)
 31004 | Swamp:1  | Received a gift from Yredelemnul (a ghoul)
 31321 | Swamp:1  | Received a gift from Yredelemnul (a skeletal warrior)
 31614 | Swamp:2  | Received a gift from Yredelemnul (a ghoul)
 32276 | Swamp:3  | Noticed a thorn hunter
 32288 | Swamp:3  | Killed a thorn hunter
 32333 | Swamp:3  | Reached XP level 17. HP: 140/140 MP: 26/26
 32364 | Swamp:3  | Received a gift from Yredelemnul (a vampire)
 32592 | Swamp:3  | Noticed Aizul
 32597 | Swamp:3  | Killed Aizul
 32610 | Swamp:3  | Found a transporter.
 32676 | Swamp:3  | Received a gift from Yredelemnul (a vampire knight)
 32725 | Swamp:3  | Found a transporter.
 32896 | Swamp:4  | Entered Level 4 of the Swamp
 32990 | Swamp:4  | Received a gift from Yredelemnul (a skeletal warrior)
 33130 | Swamp:4  | Received a gift from Yredelemnul (a profane servitor)
 33168 | Swamp:4  | Reached skill level 15 in Polearms
 33175 | Swamp:4  | Noticed the 27-headed Lernaean hydra
 33182 | Swamp:4  | Killed the 27-headed Lernaean hydra
 33211 | Swamp:4  | Received a gift from Yredelemnul (a bone dragon)
 33314 | Swamp:4  | Got a decaying rune of Zot
 33674 | Swamp:3  | Received a gift from Yredelemnul (a ghoul)
 33886 | Vaults:1 | Entered Level 1 of the Vaults
 34019 | Vaults:1 | Noticed Asterion
 34027 | Vaults:1 | Killed Asterion
 34027 | Vaults:1 | Enslaved Asterion
 34333 | Vaults:1 | Received a gift from Yredelemnul (a vampire)
 34474 | Vaults:1 | Received a gift from Yredelemnul (a phantasmal warrior)
 34616 | Vaults:1 | Reached skill level 15 in Fighting
 34672 | Vaults:1 | Found Rimmuth's Gadget Shop.
 35340 | Vaults:2 | Found Meiheh Vahez's Antique Weapon Boutique.
 35471 | Vaults:2 | Received a gift from Yredelemnul (a skeletal warrior)
 35691 | Vaults:2 | Paralysed by a hornet for 3 turns
 35703 | Vaults:2 | Received a gift from Yredelemnul (a ghoul)
 35733 | Vaults:2 | Identified the Volume of Flames
 35934 | Vaults:2 | Received a gift from Yredelemnul (a vampire)
 36247 | Vaults:3 | Received a gift from Yredelemnul (a flayed ghost)
 36317 | Vaults:3 | Received a gift from Yredelemnul (a flayed ghost)
 36317 | Vaults:3 | Gained mutation: You sometimes gain power by taking damage. [demonic ancestry]
 36317 | Vaults:3 | Reached XP level 18. HP: 129/149 MP: 27/27
 36363 | Vaults:3 | Received a gift from Yredelemnul (a ghoul)
 36389 | Vaults:3 | Received a gift from Yredelemnul (a skeletal warrior)
 36718 | Vaults:3 | Received a gift from Yredelemnul (a phantasmal warrior)
 36962 | Vaults:3 | Received a gift from Yredelemnul (a bone dragon)
 37014 | Vaults:3 | Received a gift from Yredelemnul (a vampire knight)
 37049 | Vaults:3 | Received a gift from Yredelemnul (a ghoul)
 37119 | Vaults:3 | Noticed Xtahua
 37127 | Vaults:3 | Killed Xtahua
 37183 | Vaults:3 | Found a staircase to the Crypt.
 37460 | Vaults:3 | Received a gift from Yredelemnul (a flayed ghost)
 37992 | Vaults:4 | Received a gift from Yredelemnul (a phantasmal warrior)
 38022 | Vaults:4 | Reached skill level 15 in Armour
 38063 | Vaults:4 | Received a gift from Yredelemnul (a bone dragon)
 38223 | Vaults:4 | Noticed an Ice Fiend
 38313 | Vaults:4 | Received a gift from Yredelemnul (a vampire)
 38690 | Vaults:4 | Received a gift from Yredelemnul (a vampire)
 38781 | Vaults:4 | Gained mutation: You are powered by pain. [demonic ancestry]
 38781 | Vaults:4 | Reached XP level 19. HP: 100/159 MP: 28/28
 39183 | Depths:1 | Entered Level 1 of the Depths
 39200 | Depths:1 | Received a gift from Yredelemnul (a phantasmal warrior)
 39318 | Depths:1 | Noticed Jorgrun
 39329 | Depths:1 | Killed Jorgrun
 39993 | Depths:1 | Found a gateway to Hell.
 40391 | Depths:2 | Received a gift from Yredelemnul (a phantasmal warrior)
 40398 | Depths:2 | Identified a +1 pair of boots of running (You found it on level 1 of the Depths)
 40532 | Depths:2 | Received a gift from Yredelemnul (a ghoul)
 40570 | Depths:2 | Received a gift from Yredelemnul (a vampire knight)
 40960 | Depths:2 | Received a gift from Yredelemnul (a vampire)
 41059 | Depths:2 | Found a one-way gate leading to the halls of Pandemonium.
 41133 | Depths:2 | Gained mutation: Your magical and physical power is slightly enhanced at high health. [demonic ancestry]
 41133 | Depths:2 | Reached XP level 20. HP: 168/170 MP: 29/29
 41231 | Depths:2 | Paralysed by a great orb of eyes for 2 turns
 41480 | Depths:3 | Received a gift from Yredelemnul (a ghoul)
 41641 | Depths:3 | Reached skill level 18 in Fighting
 41649 | Depths:3 | Received a gift from Yredelemnul (a phantasmal warrior)
 41948 | Depths:3 | Reached skill level 18 in Polearms
 41993 | Depths:3 | Found a runed door.
 42192 | Depths:3 | Gained mutation: Your magical capacity is low. (-10% MP) [a neqoxec]
 42193 | Depths:3 | Gained mutation: Your magical capacity is very low. (-20% MP) [a neqoxec]
 42347 | Depths:3 | Found a runed door.
 42355 | Depths:3 | Noticed a juggernaut
 42373 | Depths:3 | Killed a juggernaut
 42426 | Depths:3 | Identified the cursed +0 pair of boots of Spring Thaw {+Inv} (You found it on level 3 of the Depths)
 43074 | Depths:4 | Found a gateway to a ziggurat.
 43112 | Depths:4 | Received a gift from Yredelemnul (a phantasmal warrior)
 43268 | Depths:4 | Gained mutation: You occasionally shout uncontrollably at your foes. [a neqoxec]
 43270 | Depths:4 | Gained mutation: Your body sometimes deteriorates upon taking damage. [a neqoxec]
 43271 | Depths:4 | Gained mutation: You are weak. (Str -2) [a neqoxec]
 43273 | Depths:4 | Lost mutation: Your body sometimes deteriorates upon taking damage. [potion of mutation]
 43273 | Depths:4 | Gained mutation: Your body sometimes deteriorates upon taking damage. [potion of mutation]
 43273 | Depths:4 | Gained mutation: Your spells are a little harder to cast, but a little more powerful. [potion of mutation]
 43274 | Depths:4 | Lost mutation: Your body sometimes deteriorates upon taking damage. [potion of mutation]
 43274 | Depths:4 | Lost mutation: You are weak. (Str -2) [potion of mutation]
 43274 | Depths:4 | Lost mutation: Your magical capacity is very low. (-20% MP) [potion of mutation]
 43274 | Depths:4 | Gained mutation: You are clumsy. (Dex -2) [potion of mutation]
 43274 | Depths:4 | Gained mutation: You are somewhat resistant to further mutation. [potion of mutation]
 43389 | Depths:4 | Found a one-way gate to the infinite horrors of the Abyss.
 43766 | Depths:5 | Entered Level 5 of the Depths
 43801 | Depths:5 | Paralysed by a floating eye for 2 turns
 43805 | Depths:5 | Received a gift from Yredelemnul (a skeletal warrior)
 43983 | Depths:5 | Gained mutation: You have claws for feet. [demonic ancestry]
 43983 | Depths:5 | Reached XP level 21. HP: 129/178 MP: 27/27
 43997 | Depths:5 | Noticed a juggernaut
 44010 | Depths:5 | Killed a juggernaut
 44031 | Depths:5 | Received a gift from Yredelemnul (a skeletal warrior)
 44112 | Depths:5 | Received a gift from Yredelemnul (a phantasmal warrior)
 44323 | Depths:5 | Noticed a golden dragon
 44325 | Depths:5 | Found a gate to the Realm of Zot.
 44327 | Depths:5 | Noticed a golden dragon
 44330 | Depths:5 | Killed a golden dragon
 44330 | Depths:5 | Received a gift from Yredelemnul (a flayed ghost)
 44339 | Depths:5 | Killed a golden dragon
 44368 | Depths:5 | Received a gift from Yredelemnul (a bone dragon)
 44910 | Depths:5 | Received a gift from Yredelemnul (a flayed ghost)
 45331 | Vaults:5 | Entered Level 5 of the Vaults
 45333 | Vaults:5 | Noticed Bai Suzhen
 45344 | Vaults:5 | Noticed Frederick
 45348 | Vaults:5 | Killed Bai Suzhen
 45348 | Vaults:5 | Enslaved Bai Suzhen
 45362 | Vaults:5 | Killed Frederick
 45394 | Vaults:5 | Reached skill level 15 in Invocations
 45410 | Vaults:5 | Noticed Jory
 45431 | Vaults:5 | Killed Jory
 45432 | Vaults:5 | Received a gift from Yredelemnul (a flayed ghost)
 45562 | Vaults:5 | Noticed a golden dragon
 45574 | Vaults:5 | Killed a golden dragon
 45604 | Vaults:5 | Received a gift from Yredelemnul (a flayed ghost)
 45640 | Vaults:5 | Noticed a golden dragon
 45648 | Vaults:5 | Killed a golden dragon
 45779 | Vaults:5 | Received a gift from Yredelemnul (a flayed ghost)
 45794 | Vaults:5 | Noticed an ancient lich
 45794 | Vaults:5 | Noticed a golden dragon
 45812 | Vaults:5 | Killed an ancient lich
 45812 | Vaults:5 | Reached XP level 22. HP: 185/185 MP: 6/31
 45815 | Vaults:5 | Killed a golden dragon
 45815 | Vaults:5 | Reached skill level 18 in Invocations
 45838 | Vaults:5 | Received a gift from Yredelemnul (a flayed ghost)
 45888 | Vaults:5 | Got a heavily runed granite ring
 46160 | Vaults:5 | Received a gift from Yredelemnul (a vampire)
 46269 | Vaults:5 | Identified the ring of the Middle {Ice MR- Int+3 Dex+2} (You took it off a vault guard on level 5 of the Vaults)
 46411 | Vaults:5 | Received a gift from Yredelemnul (a vampire knight)
 46569 | Vaults:5 | Got a steaming platinum ring
 46657 | Vaults:5 | Got a silver rune of Zot
 47239 | Zot:1    | Entered Level 1 of the Realm of Zot
 47381 | Zot:2    | Noticed a golden dragon
 47392 | Zot:2    | Killed a golden dragon
 47789 | Zot:2    | Noticed a Killer Klown
 47796 | Zot:2    | Killed a Killer Klown
 47993 | Zot:2    | Noticed an ancient lich
 48003 | Zot:2    | Killed an ancient lich
 48303 | Zot:2    | Paralysed by an apocalypse crab for 7 turns
 48500 | Zot:2    | Noticed a Killer Klown
 48515 | Zot:2    | Killed a Killer Klown
 48515 | Zot:2    | Reached skill level 18 in Armour
 48515 | Zot:2    | Received a gift from Yredelemnul (a phantasmal warrior)
 48909 | Zot:3    | Got a sparkling copper ring
 48910 | Zot:3    | Identified the ring "Ala Cihe" {*Tele rF- Int+5 Dex+3} (You found it on level 3 of the Realm of Zot)
 48911 | Zot:3    | Identified the ring "Gomeips" {Fire MR+ Str+2} (You took it off a vault guard on level 5 of the Vaults)
 48934 | Zot:3    | Received a gift from Yredelemnul (a vampire knight)
 49188 | Zot:4    | Noticed a Killer Klown
 49189 | Zot:4    | Reached XP level 23. HP: 195/195 MP: 25/32
 49210 | Zot:4    | Noticed a curse toe
 49211 | Zot:4    | Killed a Killer Klown
 49225 | Zot:4    | Killed a curse toe
 49321 | Zot:4    | Noticed an orb of fire
 49326 | Zot:4    | Received a gift from Yredelemnul (a profane servitor)
 49333 | Zot:4    | Gained mutation: You are very clumsy. (Dex -4) [an orb of fire]
 49334 | Zot:4    | Killed an orb of fire
 49347 | Zot:4    | Received a gift from Yredelemnul (a vampire)
 49492 | Zot:5    | Entered Level 5 of the Realm of Zot
 49738 | Zot:5    | Noticed an ancient lich
 49747 | Zot:5    | Killed from afar by a quicksilver dragon

Vault maps used:
D:1:      minmay_arrival_shattered_statue
D:2:      kennysheep_generic_room_3
D:3:      cheibrodos_greedy_goblins, old_standard_altar,
          chequers_ecumenical_altar_simple, cheibrodos_sewer_entry_bend,
          uniq_sigmund
D:4:      serial_shops, shop
D:5:      lemuel_crystal_altar, first_ration, serial_shops, kennysheep_mini_moat
D:6:      serial_shops, nicolae_shop_trees, hangedman_decor_clover_reticule,
          grunt_ministairs_11
D:7:      gammafunk_temple_overflow_statue, nicolae_overflow_hidden_temple,
          minmay_temple_entry_junction_2, enter_ossuary_4
D:8:      lemuel_round_altar, kennysheep_mini, lightli_temple_of_fire
D:9:      minmay_cut_squares, grunt_temple_overflow_order_and_chaos_1,
          makhleb_altar_promises_db, basic_altar, serial_shops, shop,
          grunt_pizzeria
D:10:     special_room, nicolae_lava_and_water, dk_noncrumbling_3,
          eino_small_chamber_without_monster, minmay_shop_grid_forest
D:11:     david_lair_shrubbed, david_orc_4, serial_shops, shop
D:12:     lab_entry_generic, uniq_azrael, uniq_nergalle
D:13:     minmay_guarded_unrand_guard, hangedman_decor_riveting, uniq_kirke
D:14:     minmay_expanding_squares, david_vaults_4, basic_altar,
          hangedman_abyss_or_decor_jellyfish_corner, uniq_louise
D:15:     grunt_enter_depths_magical_seal, minmay_crystal_water
Temple:   eino_wide_crystal_templ
Lair:1:   wad_woods_tower, eino_small_chamber_without_monster, uniq_joseph
Lair:2:   minmay_swamp_entry_worms, uniq_urug, uniq_harold, uniq_fannar
Lair:3:   regret_index_harrowing_hell_hive, beast_lair_carwin_9,
          grunt_megastairs_2
Lair:4:   minmay_snake_entry_guardpost_small, grunt_megastairs_5, uniq_sonja
Lair:5:   nicolae_slime_entry_slimehenge, lemuel_fruit_fields
Lair:6:   grunt_lair_end_beastmaster, grunt_megastairs_1, lemuel_fruit_tree,
          infiniplex_staircase_pool, serial_bayou_shore_b
Swamp:1:  evilmike_swamp_ruin_house_6, swamp_pool4
Swamp:2:  hangedman_swamp_diagram
Swamp:3:  gammafunk_its_a_trap, hangedman_swamp_ruin_hall, uniq_aizul
Swamp:4:  grunt_swamp_rune_castle, swamp_pool1, hangedman_swamp_lotus
Snake:1:  nicolae_barding_shop
Snake:2:  serial_shops, shop, minmay_shoptagon, uniq_vashnia
Snake:3:  serial_shops, nicolae_shop_crystal
Snake:4:  johnstein_snake_rune_scales, st_stairs_8, serial_bayou_shore_b
Orc:1:    basic_altar, serial_shops, shop_fountains, uniq_erolcha
Orc:2:    st_orc_open, serial_shops, bzr_entry_safe,
          chequers_guarded_unrand_ignorance
Vaults:1: hangedman_vaults_stream, v_misc_24, v_pattern_1, vaults_room_grid,
          vaults_mumra_hex, vaults_mumra_minichess_inversion,
          ontoclasm_vaults_claustrophobia, v_misc_12,
          ontoclasm_vaults_ring_large, ontoclasm_vaults_misaligned,
          ontoclasm_vaults_eye, ontoclasm_vaults_shuriken, serial_shops, shop,
          uniq_asterion
Vaults:2: ontoclasm_vaults_misaligned, ontoclasm_vaults_ring_square,
          nicolae_vaults_network_star, v_rooms_4, ontoclasm_vaults_misaligned,
          hangedman_vaults_stagger, vaults_dpeg_spiral, vaults_room_boxed,
          vaults_standard_mumra_x, serial_shops, shop
Vaults:3: v_alt_pattern_6, nicolae_vaults_gold_heap,
          ontoclasm_vaults_ring_large, special_room_vaults,
          dpeg_vaults_monster_box, vaults_room_door_hall, vaults_dpeg_diagonal,
          minmay_crypt_entry_simple_box, vaults_room_fours, uniq_xtahua
Vaults:4: nicolae_vaults_yaktaur_gun_rack, ontoclasm_vaults_tryst,
          nicolae_vaults_ring_of_whatevers, v_misc_32, vaults_room_pool,
          ontoclasm_vaults_ring_large, nicolae_vaults_stairing_the_circle,
          nicolae_vaults_statue_guard, hangedman_vaults_trim, v_misc_9,
          vaults_mumra_lcd, vaults_room_door_hall
Vaults:5: serial_shops, uniq_bai_suzhen, uniq_jory, uniq_frederick
Depths:1: hell_entry, hex_intersection, kennysheep_underground_church,
          uniq_jorgrun
Depths:2: grunt_runaround, pan_entry, hell_entry
Depths:3: thingy_vault_2, pan_entry, nrook_mini_vaults, grunt_hell_horde,
          minmay_orc_keep, infiniplex_staircase_diamond
Depths:4: constructs_gauntlet_mu_hangedman, enter_ziggurat_f,
          rand_demon_pan_entry_4, abyss_entry_crystal, hell_entry,
          hangedman_decor_growths
Depths:5: grunt_zot_entry_bicorn, grunt_pan_entry_zigzag,
          grunt_hell_entry_dis_old
Zot:1:    lemuel_lich_library
Zot:2:    gammafunk_mikee_crab_dinner, nzn_random_ring
Zot:3:    lemuel_lake_of_fire
Zot:4:    grunt_zot_stairs_mandelzot
Bazaar:   bazaar_minmay_plants
Ossuary:  ossuary_zaba_flooded

Skill      XL: |  1  2  3  4  5  6  7  8  9 10 11 12 13 14 15 16 17 18 19 20 21 22 23 |
---------------+----------------------------------------------------------------------+-----
Dodging        | 1 2 3 4 6 7 9 11 12 14 | 14.7
Armour         | 1 2 3 4 6 7 8 9 11 12 13 14 15 16 17 18 | 18.5
Fighting       | 3 4 5 7 8 10 12 13 14 15 16 17 18 19 20 | 20.0
Invocations    | 3 7 10 13 17 18 | 18.0
Evocations     | 4 |  4.2
Polearms       | 9 11 14 15 16 17 19 20 | 20.0
Short Blades   | |  1.7
Throwing       | |  1.7
Stealth        | |  3.6

Action                   |  1- 3 |  4- 6 |  7- 9 | 10-12 | 13-15 | 16-18 | 19-21 | 22-24 || total
-------------------------+-------+-------+-------+-------+-------+-------+-------+-------++-------
Melee: Dagger            |    73 |   187 |   150 |   508 |   382 |       |       |       ||  1300
       Kick              |       |    48 |   152 |   202 |       |       |   130 |   129 ||   661
       Falchion          |       |     8 |   277 |    96 |   115 |       |       |       ||   496
       Flail             |       |       |       |   118 |    37 |       |       |       ||   155
       Broad axe         |       |       |       |     3 |       |       |       |       ||     3
       Scimitar          |       |       |       |       |    59 |       |       |       ||    59
       Glaive            |       |       |       |       |   617 |  1206 |  1229 |   364 ||  3416
 Fire: Blowgun           |    52 |    42 |    56 |    55 |       |       |       |       ||   205
       Shortbow          |       |       |   151 |     5 |       |       |       |       ||   156
Throw: Tomahawk          |       |       |     4 |     2 |       |       |       |       ||     6
Invok: Animate Remains   |       |       |     1 |       |       |       |       |       ||     1
       Animate Dead      |       |       |       |    50 |    66 |    77 |    70 |    29 ||   292
       Recall Undead Sla |       |       |       |    12 |     6 |    17 |    11 |     6 ||    52
       Stop Recall       |       |       |       |     4 |     4 |    10 |     4 |     4 ||    26
       Drain Life        |       |       |       |     1 |    17 |    14 |    26 |    22 ||    80
       Enslave Soul      |       |       |       |     1 |     1 |     2 |     2 |       ||     6
       Injury Mirror     |       |       |       |       |     1 |       |       |       ||     1
Evoke: Wand              |       |       |    11 |    11 |    20 |     3 |     7 |       ||    52
       Lamp of fire      |       |       |       |       |     3 |       |     2 |     1 ||     6
  Use: Scroll            |       |       |    25 |    11 |     9 |     8 |    10 |    13 ||    76
       Potion            |       |       |       |       |       |       |     5 |     1 ||     6
 Stab: Sleeping          |     5 |     4 |       |       |       |       |       |       ||     9
       Distracted        |       |       |     4 |     6 |    19 |    40 |    34 |    16 ||   119
       Betrayed ally     |       |       |       |     1 |       |       |       |       ||     1
       Petrified         |       |       |       |       |    13 |       |       |       ||    13
       Petrifying        |       |       |       |       |     1 |       |       |       ||     1
       Paralysed         |       |       |       |       |     1 |     1 |       |       ||     2
       Confused          |       |       |       |       |       |       |     1 |       ||     1
  Eat: Chunk             |     2 |     8 |    15 |    18 |    28 |    37 |    13 |     4 ||   125
       Ration            |       |       |     1 |     8 |    14 |     8 |    13 |     8 ||    52
Armor: Robe              |    24 |       |       |       |       |       |       |       ||    24
       Ring mail         |     4 |    72 |   179 |       |       |       |       |       ||   255
       Plate armour      |       |       |    12 |   639 |  1345 |   929 |   642 |       ||  3567
       Skin              |       |       |     3 |       |       |       |       |       ||     3
       Gold dragon scale |       |       |       |       |       |       |    99 |   244 ||   343
Dodge: Dodged            |    56 |   100 |   359 |   393 |  1058 |   839 |   691 |   149 ||  3645
       Rpst.: Falchion   |       |     2 |    67 |    16 |    25 |       |       |       ||   110
       Scimitar          |       |       |       |       |    11 |       |       |       ||    11

Table legend:
 A = Spawn XP
 B = Non-spawn XP
 C = Spawn XP percentage of total XP
 D = Spawn monster count
 E = Non-spawn monster count
 F = Spawn count percentage of total count
 G = Total turns spent on level
                    A         B        C        D         E        F      G
               +---------+---------+-------+---------+---------+-------+---------
         Total |       0 |  892747 |   0.0 |       0 |    2127 |   0.0 | 49747
               +---------+---------+-------+---------+---------+-------+---------
           D:1 |       0 |      57 |   0.0 |       0 |      28 |   0.0 |  1255
           D:2 |       0 |     187 |   0.0 |       0 |      33 |   0.0 |  1600
           D:3 |       0 |     348 |   0.0 |       0 |      33 |   0.0 |  1103
           D:4 |       0 |     438 |   0.0 |       0 |      32 |   0.0 |  1128
           D:5 |       0 |     605 |   0.0 |       0 |      24 |   0.0 |  1177
           D:6 |       0 |     627 |   0.0 |       0 |      23 |   0.0 |  1039
           D:7 |       0 |     808 |   0.0 |       0 |      17 |   0.0 |   892
           D:8 |       0 |    1919 |   0.0 |       0 |      24 |   0.0 |   824
           D:9 |       0 |    4256 |   0.0 |       0 |      37 |   0.0 |  1116
          D:10 |       0 |    5022 |   0.0 |       0 |      48 |   0.0 |  1215
          D:11 |       0 |    3695 |   0.0 |       0 |      46 |   0.0 |  1767
          D:12 |       0 |    8879 |   0.0 |       0 |      44 |   0.0 |  1057
          D:13 |       0 |   14613 |   0.0 |       0 |      42 |   0.0 |  1161
          D:14 |       0 |   17966 |   0.0 |       0 |      40 |   0.0 |  1543
          D:15 |       0 |   18083 |   0.0 |       0 |      70 |   0.0 |  1026
        Lair:1 |       0 |    3004 |   0.0 |       0 |      15 |   0.0 |   890
        Lair:2 |       0 |    5392 |   0.0 |       0 |      23 |   0.0 |  1651
        Lair:3 |       0 |    7739 |   0.0 |       0 |      66 |   0.0 |  1193
        Lair:4 |       0 |    2898 |   0.0 |       0 |      18 |   0.0 |  1021
        Lair:5 |       0 |    3727 |   0.0 |       0 |      34 |   0.0 |  1463
        Lair:6 |       0 |   12475 |   0.0 |       0 |      51 |   0.0 |  1524
       Swamp:1 |       0 |    9967 |   0.0 |       0 |      39 |   0.0 |   711
       Swamp:2 |       0 |    6369 |   0.0 |       0 |      32 |   0.0 |   766
       Swamp:3 |       0 |   11521 |   0.0 |       0 |      54 |   0.0 |   684
       Swamp:4 |       0 |   18464 |   0.0 |       0 |      45 |   0.0 |   739
       Snake:1 |       0 |   13223 |   0.0 |       0 |      37 |   0.0 |   603
       Snake:2 |       0 |   15215 |   0.0 |       0 |      40 |   0.0 |   862
       Snake:3 |       0 |    6975 |   0.0 |       0 |      21 |   0.0 |   492
       Snake:4 |       0 |   29860 |   0.0 |       0 |      92 |   0.0 |  1087
         Orc:1 |       0 |    4311 |   0.0 |       0 |      40 |   0.0 |   476
         Orc:2 |       0 |   14122 |   0.0 |       0 |      49 |   0.0 |   948
      Vaults:1 |       0 |   25805 |   0.0 |       0 |      69 |   0.0 |  1388
      Vaults:2 |       0 |   15499 |   0.0 |       0 |      39 |   0.0 |  1095
      Vaults:3 |       0 |   49605 |   0.0 |       0 |     123 |   0.0 |  1763
      Vaults:4 |       0 |   44517 |   0.0 |       0 |      91 |   0.0 |  1234
      Vaults:5 |       0 |  123637 |   0.0 |       0 |     114 |   0.0 |  1630
      Depths:1 |       0 |   22740 |   0.0 |       0 |      37 |   0.0 |  1158
      Depths:2 |       0 |   77591 |   0.0 |       0 |     108 |   0.0 |  1181
      Depths:3 |       0 |   60531 |   0.0 |       0 |      90 |   0.0 |  1186
      Depths:4 |       0 |   31633 |   0.0 |       0 |      52 |   0.0 |  1192
      Depths:5 |       0 |   65775 |   0.0 |       0 |      77 |   0.0 |  1254
         Zot:1 |       0 |    2845 |   0.0 |       0 |       2 |   0.0 |   136
         Zot:2 |       0 |   66005 |   0.0 |       0 |      47 |   0.0 |  1526
         Zot:3 |       0 |    3839 |   0.0 |       0 |       2 |   0.0 |    59
         Zot:4 |       0 |   47391 |   0.0 |       0 |      32 |   0.0 |   532
         Zot:5 |       0 |   11703 |   0.0 |       0 |       9 |   0.0 |   255
       Ossuary |       0 |     866 |   0.0 |       0 |      38 |   0.0 |   916
               +---------+---------+-------+---------+---------+-------+---------
